 Dungeon Crawl Stone Soup version 0.14.0-20-g75a2fc2 (webtiles) character file.

4709 Maka the Markscentaur (level 10, -12/88 HPs)
             Began as a Centaur Hunter on Apr 20, 2014.
             Was an Elder of Okawaru.
             Killed from afar by HungrySpirit's ghost (46 damage)
             ... with a fireball
             ... on Level 10 of the Dungeon on Apr 21, 2014.
             The game lasted 00:39:50 (7794 turns).

Maka the Markscentaur (Centaur Hunter)              Turns: 7794, Time: 00:39:51

HP -12/88        AC 13     Str 16      XL: 10   Next: 21%
MP   6/7         EV 14     Int 10      God: Okawaru [****..]
Gold 31          SH  0     Dex 17      Spells:  0 memorised,  9 levels left

rFire  . . .     SeeInvis .     b - +2,+0 whip (elec)
rCold  + . .     Clarity  .     I - +1 leather armour {rC+}
rNeg   . . .     Conserve +     (no shield)
rPois  .         rCorr    +     E - +1 helmet "Mnuxkiek" {Stlth--}
rElec  .         rRot     .     G - +2 cloak {rCorr, Cons}
SustAb . .       Spirit   .     H - +0 pair of gloves
rMut   .         Warding  .     (no barding)
Saprov . . .     Stasis   .     (no amulet)
MR     .....                    (no ring)
                                d - +5 ring of dexterity

@: about to teleport, heroism, very quick, not resistant to hostile
enchantments, extremely unstealthy
A: hooves 3, deformed body, herbivore 1, speed 2, fast metabolism 1, tough skin
3
a: Heroism, Renounce Religion


You were on level 10 of the Dungeon.
You worshipped Okawaru.
Okawaru was greatly pleased with you.
You were not hungry.

You visited 3 branches of the dungeon, and saw 12 of its levels.
You also visited: Ossuary.

You collected 414 gold pieces.
You spent 383 gold pieces at shops.

Inventory:

Hand weapons
 a - a +2,+2 bow
 b - a +2,+0 whip of electrocution (weapon)
 p - a +0,+2 whip of venom
 y - a cursed +0 blowgun
Missiles
 c - 22 arrows
 i - 7 arrows of flame
 z - 4 curare-tipped needles
 F - 15 arrows of frost
Armour
 E - the +1 helmet "Mnuxkiek" (worn) {Stlth--}
   (You bought it in a shop on level 9 of the Dungeon)

   It makes you much less stealthy.
 G - a +2 cloak of preservation (worn)
 H - a +0 pair of gloves (worn)
 I - a +1 leather armour of cold resistance (worn)
Magical devices
 k - a wand of fireball (2)
 t - a wand of fire (8)
 w - a wand of polymorph (9)
 D - a wand of draining (8)
Comestibles
 f - 8 bread rations
 u - 3 meat rations
Scrolls
 e - 4 scrolls of remove curse
 j - 2 scrolls of amnesia
 l - a scroll of enchant weapon I
 q - a scroll of teleportation
Jewellery
 d - a +5 ring of dexterity (left hand)
Potions
 g - 4 potions of restore abilities
 h - 4 potions of agility
 m - 5 potions of curing
 n - a potion of berserk rage
 o - 2 potions of lignification
 r - a potion of brilliance {unknown}
 v - a potion of cure mutation {unknown}
 x - 2 potions of might
 A - 2 potions of resistance
 B - a potion of haste {unknown}
 C - 4 potions of heal wounds


   Skills:
 - Level 8.0(13.0) Fighting
 - Level 15.1(20.1) Bows
 - Level 3.0(8.0) Armour
 + Level 2.6(7.6) Dodging
 - Level 0.5(5.5) Stealth


You had 9 spell levels left.
You didn't know any spells.

Dungeon Overview and Level Annotations

Branches:
Dungeon (10/15)            Temple (1/1) D:4             Orc (1/4) D:9
   Lair: D:8-11

Altars:
Ashenzari
Cheibriados
Elyvilon
Fedhas
Makhleb
Nemelex Xobeh
Okawaru
Sif Muna
Trog
Vehumet
Xom
Yredelemnul
Zin
The Shining One

Shops:
D:6 *   D:9 [

Annotations:
D:10 Fannar; HungrySpirit's ghost, powerful DEFE


Innate Abilities, Weirdness & Mutations

You have hooves in place of feet.
Armour fits poorly on your strangely shaped body.
You digest meat inefficiently.
You cover ground very quickly.
You have a fast metabolism.
You have extremely tough skin (AC +3).


Message History

The floor.
Read which item? (? for menu, Esc to quit)
As you read the scroll of teleportation, it crumbles to dust.
You feel strangely unstable.
HungrySpirit's ghost hits you but does no damage.
HungrySpirit's ghost gestures at you while chanting.
The fireball explodes!
The fireball engulfs you!
* * * LOW HITPOINT WARNING * * *
Things that are here:
a killer bee corpse x2
Drink which item? (? for menu, Esc to quit)
You feel better.
HungrySpirit's ghost makes a sound of rattling chains.
Fannar comes into view.
He is wielding a staff of cold.
There is an open door here.
Fannar shouts!
HungrySpirit's ghost casts a spell at you.
The fireball explodes!
The fireball engulfs you!
Ouch! That really hurt!
You die...

#..###. . #..... ..# #).(. .
..# #...# .# ##..# #.# #.#
.k.. #p# #.# #..########'####
#.# # ####kk#...........# #.#
#. ...k.k+.e.......@.# #.# #.
#<.#...........###.## #.#####
#..#...........'....# #......
#..#...........'....# #......
#..#...........###..####..<...
...#...........# #.....+.≈≈≈≈≈
####...........# #.....+.≈###≈
#...........# #.#####.≈ #≈
...........# #.# #.≈###≈


You could see Fannar and HungrySpirit's ghost.

Vanquished Creatures
  2 deep elf magi
  A wyvern (D:9)
  2 hungry ghosts (D:8)
  A hippogriff (D:7)
  A necrophage (D:9)
  A water moccasin (D:7)
  An ice beast (D:6)
  5 ogres
  An orc warrior (D:9)
  A centaur (D:9)
  4 sky beasts
  Duvessa (D:5)
  3 big kobolds
  4 giant frogs
  2 water moccasin zombies (Ossuary)
  An eye of draining (D:9)
  A troll skeleton (D:9)
  12 killer bees
  A spriggan skeleton (D:9)
  A scorpion (D:9)
  2 goliath beetles
  Dowan (D:5)
  2 quasits (D:9)
  A centaur zombie (D:10)
  A jelly (D:9)
  3 crimson imps
  3 hounds
  A centaur skeleton (D:9)
  An elf zombie (D:9)
  2 giant frog skeletons (D:9)
  3 iguanas
  6 orc wizards
  2 orc priests (D:8)
  2 worker ants
  A sky beast zombie (D:9)
  Terence (D:2)
  2 mummies (Ossuary)
  9 adders
  A worm zombie (D:7)
  A shadow imp (D:10)
  A giant mite (D:3)
  4 worms
  4 adder zombies (Ossuary)
  5 orc zombies
  A giant eyeball (D:5)
  9 giant geckos
  2 oozes (D:1)
  22 orcs
  2 ball pythons
  11 bats
  4 giant cockroaches
  3 gnoll zombies (Ossuary)
  14 hobgoblins
  5 jackals
  26 kobolds
  8 quokkas
  2 giant newts
  A giant newt zombie (D:5)
  A giant spore (D:9)
  16 goblins
  A hobgoblin skeleton (D:6)
  5 hobgoblin zombies
  6 kobold zombies (Ossuary)
  A quokka zombie (D:9)
  16 rats
  A rat skeleton (D:6)
  A ballistomycete (D:9)
263 creatures vanquished.

Vanquished Creatures (others)
  An adder (D:9)
1 creature vanquished.

Grand Total: 264 creatures vanquished

Notes
Turn   | Place    | Note
--------------------------------------------------------------
     0 | D:1      | Maka, the Centaur Hunter, began the quest for the Orb.
     0 | D:1      | Reached XP level 1. HP: 16/16 MP: 1/1
   170 | D:1      | Reached XP level 2. HP: 17/23 MP: 2/2
   202 | D:1      | Reached skill level 6 in Bows
   697 | D:2      | Reached XP level 3. HP: 28/28 MP: 3/3
   971 | D:2      | Found a snail-covered altar of Cheibriados.
  1029 | D:2      | Reached skill level 7 in Bows
  1039 | D:2      | Found a bloodstained altar of Trog.
  1083 | D:2      | Noticed Terence
  1124 | D:2      | Killed Terence
  1311 | D:3      | Reached XP level 4. HP: 32/35 MP: 3/3
  1404 | D:3      | Reached skill level 8 in Bows
  1424 | D:3      | Reached XP level 5. HP: 40/40 MP: 4/4
  1676 | D:3      | Reached skill level 9 in Bows
  1682 | D:3      | Found a glowing silver altar of Zin.
  1877 | D:3      | Noticed an ogre
  1898 | D:3      | Killed an ogre
  1898 | D:3      | Reached XP level 6. HP: 43/47 MP: 5/5
  1976 | D:4      | Reached skill level 10 in Bows
  1998 | D:4      | Found a staircase to the Ecumenical Temple.
  2029 | Temple   | Entered the Ecumenical Temple
  2064 | Temple   | Became a worshipper of Warmaster Okawaru
  2452 | D:4      | Found a shimmering altar of Xom.
  2694 | D:5      | Entered Level 5 of the Dungeon
  2694 | D:5      | Found a white marble altar of Elyvilon.
  2878 | D:5      | Noticed Dowan
  2879 | D:5      | Noticed Duvessa
  2900 | D:5      | Killed Dowan
  2975 | D:5      | Killed Duvessa
  2975 | D:5      | Reached skill level 11 in Bows
  2975 | D:5      | Reached XP level 7. HP: 37/52 MP: 5/5
  3222 | D:5      | Paralysed by a giant eyeball for 3 turns
  3575 | D:6      | Acquired Okawaru's first power
  3575 | D:6      | Reached skill level 12 in Bows
  3593 | D:6      | Found a sand-covered staircase.
  3597 | Ossuary  | Entered an ossuary
  4227 | Ossuary  | Reached XP level 8. HP: 56/63 MP: 6/6
  4442 | D:6      | Found Huibude's Assorted Antiques.
  4454 | D:6      | Bought a scroll of identify for 62 gold pieces
  4486 | D:6      | Found a white marble altar of Elyvilon.
  4741 | D:7      | Found a shimmering altar of Xom.
  4803 | D:7      | Reached skill level 13 in Bows
  5033 | D:7      | Found a shattered altar of Ashenzari.
  5044 | D:7      | Got a brightly glowing cloak
  5047 | D:7      | Identified the cursed -1 cloak of Good Intentions {Str+3 Dex-1} (You found it on level 7 of the Dungeon)
  5081 | D:7      | Reached skill level 14 in Bows
  5275 | D:8      | Reached XP level 9. HP: 60/71 MP: 7/7
  5522 | D:8      | Found a glowing golden altar of the Shining One.
  5529 | D:8      | Reached skill level 15 in Bows
  6001 | D:9      | Reached skill level 1 in Armour
  6025 | D:9      | Found a staircase to the Orcish Mines.
  6175 | D:9      | Found a glowing golden altar of the Shining One.
  6269 | D:9      | Found Mnek's Antique Armour Shoppe.
  6282 | D:9      | Bought a faintly glowing helmet for 218 gold pieces
  6282 | D:9      | Bought a runed cloak for 103 gold pieces
  6285 | D:9      | Identified the +1 helmet "Mnuxkiek" {Stlth--} (You bought it in a shop on level 9 of the Dungeon)
  6287 | D:9      | Identified a +0 cloak of preservation (You bought it in a shop on level 9 of the Dungeon)
  6391 | D:7      | Found an iron altar of Okawaru.
  6794 | D:9      | Reached skill level 5 in Fighting
  7145 | D:9      | Reached XP level 10. HP: 68/86 MP: 7/7
  7333 | D:10     | Entered Level 10 of the Dungeon
  7385 | Orc:1    | Entered Level 1 of the Orcish Mines
  7409 | D:9      | Received a gift from Okawaru
  7781 | D:10     | Noticed HungrySpirit's ghost (powerful DEFE)
  7793 | D:10     | Noticed Fannar
  7794 | D:10     | Killed from afar by HungrySpirit's ghost

Action                   |  1- 3 |  4- 6 |  7- 9 | 10-12 || total
-------------------------+-------+-------+-------+-------++-------
Melee: Short sword       |    24 |    27 |       |       ||    51
       Whip              |       |       |    29 |    27 ||    56
 Fire: Bow               |    80 |   122 |   417 |    43 ||   662
Invok: Heroism           |       |       |       |     1 ||     1
Evoke: Wand              |       |     1 |     5 |       ||     6
  Use: Scroll            |       |    12 |    12 |     1 ||    25
       Potion            |       |       |       |     1 ||     1
